 Dungeon Sprint DCSS version 0.20-a0-259-gc929cd2 (webtiles) character file.

0 Dfrag the Covered (level 1, -1/20 HPs)
             Began as a Deep Dwarf Fighter on Dec 2, 2016.
             Was an Initiate of Makhleb.
             Slain by a water moccasin (2 damage)
             ... in the Dungeon (Sprint VI: "Thunderdome").
             The game lasted 00:00:54 (60 turns).

Dfrag the Covered (Deep Dwarf Fighter)                Turns: 60, Time: 00:00:55

Health: -1/20      AC:  6    Str: 19    XL:     1   Next: 16%
Magic:  1/1        EV:  7    Int:  9    God:    Makhleb [......]
Gold:   20         SH:  9    Dex: 12    Spells: 0/0 levels left

rFire  + . .     SeeInvis .     a - +0 war axe
rCold  + + .     Gourm    .     b - +0 scale mail
rNeg   . . .     Faith    .     c - +0 shield
rPois  .         Spirit   .     (no helmet)
rElec  +         Reflect  .     (no cloak)
rCorr  +         Harm     .     (no gloves)
MR     +....     NoTele   +     (no boots)
Stlth  ..........               r - amulet of Xaot {+Rage rElec rF+ rC+++ Int-4}
                                t - ring "Vonajof" {rCorr rC- Int+3}
                                q - ring of Desipt {MR+ Int+2}

@: lethally poisoned (-1 -> -1), non-regenerating
A: damage resistance, recharge devices, sense surroundings 1, slow regeneration
3
a: Device Recharging, Renounce Religion, Evoke Berserk Rage


You were in the Dungeon.
You worshipped Makhleb.
Makhleb was noncommittal.
You were not hungry.

You visited 1 branch You collected 200 gold pieces.
You spent 180 gold pieces at shops.

Inventory:

Hand Weapons
 a - a +0 war axe (weapon)
Armour
 b - a +0 scale mail (worn)
 c - a +0 shield (worn)
Jewellery
 q - the ring of Desipt (left hand) {MR+ Int+2}
   (You bought it in a shop in the Dungeon)

   [ring of protection from magic]

   It affects your intelligence (+2).
   It affects your resistance to hostile enchantments.
 r - the amulet of Xaot (around neck) {+Rage rElec rF+ rC+++ Int-4}
   (You bought it in a shop in the Dungeon)

   [amulet of rage]

   It affects your intelligence (-4).
   It protects you from fire.
   It renders you almost immune to cold.
   It insulates you from electricity.
   It lets you go berserk.
 s - the ring of Trepidation {Fire +Fly rPois SInv}
   (You bought it in a shop in the Dungeon)

   [ring of fire]

   It enhances your fire magic.
   It protects you from fire.
   It makes you vulnerable to cold.
   It protects you from poison.
   It lets you see invisible.
   It lets you fly.
 t - the ring "Vonajof" (right hand) {rCorr rC- Int+3}
   (You bought it in a shop in the Dungeon)

   [ring of resist corrosion]

   It affects your intelligence (+3).
   It makes you vulnerable to cold.
Wands
 e - a wand of heal wounds (5/9)
 m - a wand of acid (5/15)
 n - a wand of iceblast (3/15)
Scrolls
 l - 4 scrolls of blinking
 o - 3 scrolls of fog
Potions
 d - a potion of might
 g - a potion of curing
 h - 4 potions of heal wounds
 i - 4 potions of haste
 j - 2 potions of magic
 k - a potion of berserk rage
 p - 2 potions of resistance
Comestibles
 f - a bread ration


   Skills:
 + Level 2.8 Fighting
 + Level 2.4 Axes
 + Level 3.5 Armour
 + Level 3.5 Shields


You couldn't memorise any spells.
You didn't know any spells.

Dungeon Overview and Level Annotations

Branches:
Dungeon (1/1)

Altars:
Dithmenos
Fedhas
Gozag
Makhleb
Qazlal
Ru
Trog
Uskayaw
Vehumet
Xom
Yredelemnul
Zin
The Shining One
Beogh
Jiyva
Lugonu

Shops:
D *[%?**[(


Innate Abilities, Weirdness & Mutations

You are resistant to damage.
You can recharge devices by infusing magical energy.
You passively map a small area around you.
You do not regenerate.


Message History

The water moccasin bites you but does no damage.
The water moccasin bites you. x2
You hit the water moccasin but do no damage.
The water moccasin is severely wounded.
The water moccasin bites you but does no damage.
The water moccasin bites you!
* * * LOW HITPOINT WARNING * * *
You completely miss the water moccasin.
The water moccasin is heavily wounded.
The water moccasin closely misses you.
The water moccasin bites you but does no damage.
Okay, then.
Evoke which item? (* to show all) (? for menu, Esc to quit)
Zapping:
n - a wand of iceblast (4/15)
Press: ? - help, Shift-Dir - straight line, p - water moccasin The mass of ice explodes!
The iceblast engulfs the water moccasin.
The water moccasin is almost dead.
This wand has 3 charges left.
The water moccasin bites you.
You die...

##......S......###...,,
###∩........8.# .8... ,
##∩___......###...... *
######.8.........8.# *
#⌠...........S#
###.........###
#_......._ #S......._
#@......._ #∩.......∩
##∩.....∩# ##.....##
#⌠⌠⌠## ####


You could see a water moccasin.

Vanquished Creatures
  A ball python (D)
1 creature vanquished.

Notes
Turn   | Place    | Note
-------+----------+-------------------------------------------
     0 | D        | Dfrag the Deep Dwarf Fighter began the quest for the Orb.
     0 | D        | Reached XP level 1. HP: 20/20 MP: 1/1
     1 | D        | Found a sacrificial altar of Ru.
     1 | D        | Found a roughly hewn altar of Beogh.
     2 | D        | Found a bloodstained altar of Trog.
     5 | D        | Round 1.
     6 | D        | Found a hide-covered altar of Uskayaw.
     7 | D        | Found a blossoming altar of Fedhas.
     7 | D        | Found a shimmering altar of Xom.
     8 | D        | Found a stormy altar of Qazlal.
     8 | D        | Found a radiant altar of Vehumet.
     9 | D        | Found Hiokkuv's Bee Food.
     9 | D        | Found an opulent altar of Gozag.
     9 | D        | Found a glowing silver altar of Zin.
     9 | D        | Found Hanagil's Identification Station.
    10 | D        | Found Linn's Jewellery.
    10 | D        | Found Zozineryo's Advanced Armour.
    11 | D        | Found a basalt altar of Yredelemnul.
    18 | D        | Bought a vibrating copper ring for 45 gold pieces
    18 | D        | Identified the ring of Desipt {MR+ Int+2} (You bought it in a shop in the Dungeon)
    19 | D        | Bought a faintly glowing iron amulet for 45 gold pieces
    19 | D        | Identified the amulet of Xaot {+Rage rElec rF+ rC+++ Int-4} (You bought it in a shop in the Dungeon)
    20 | D        | Bought a translucent granite ring for 45 gold pieces
    20 | D        | Identified the ring of Trepidation {Fire +Fly rPois SInv} (You bought it in a shop in the Dungeon)
    21 | D        | Bought an ancient bronze ring for 45 gold pieces
    22 | D        | Identified the ring "Vonajof" {rCorr rC- Int+3} (You bought it in a shop in the Dungeon)
    33 | D        | Found a viscous altar of Jiyva.
    34 | D        | Found a burning altar of Makhleb.
    36 | D        | Found a shadowy altar of Dithmenos.
    36 | D        | Found a glowing golden altar of the Shining One.
    36 | D        | Found a corrupted altar of Lugonu.
    36 | D        | Found Derih's Premium Goods.
    36 | D        | Found Dugan's Weapon Rack.
    37 | D        | Found Kaphum's Miscellaneous Merchandise.
    37 | D        | Found Zesahung's Basic Armour.
    39 | D        | Noticed a water moccasin
    42 | D        | Became a worshipper of Makhleb the Destroyer
    58 | D        | HP: 1/20 [water moccasin (6)]
    60 | D        | Slain by a water moccasin

Vault maps used:
D:        arena_sprint

Action                   || total
-------------------------++-------
Melee: War axe           ||    16
Evoke: Wand              ||     2
Armor: Scale mail        ||    12
Dodge: Dodged            ||     4
Block: Shield            ||    11
